 Dungeon Crawl Stone Soup version 0.28.0-45-g0d030f2227 (webtiles) character file.

Game seed: 9360077713439586993

5964 selver the Slicer (level 10, -6/70 HPs)
             Began as a Demonspawn Abyssal Knight on Apr 10, 2022.
             Was an Elder of Lugonu.
             Mangled by a vampire (9 damage)
             ... on level 8 of the Dungeon.
             The game lasted 00:34:23 (8144 turns).

selver the Slicer (Demonspawn Abyssal Knight)       Turns: 8144, Time: 00:34:23

Health: -6/70      AC:  9    Str: 24    XL:     10   Next: 54%
Magic:  11/11      EV: 15    Int: 11    God:    Lugonu [****..]
Gold:   167        SH:  5    Dex: 18    Spells: 9/9 levels left

rFire   . . .      SeeInvis .   a - +1 falchion
rCold   . . .      Faith    .   (no shield)
rNeg    . . .      Spirit   .   Q - +4 ring mail
rPois   .          Reflect  +   w - +0 hat {Will+}
rElec   .          Harm     .   T - scarf {+Inv}
rCorr   .          Rampage  .   (no gloves)
Will    +....                   (no boots)
Stlth   +++.......              k - amulet of reflection
HPRegen 0.21/turn               i - +4 ring of evasion
MPRegen 0.12/turn               h - +6 ring of strength

@: no status effects
A: hooves 2, thin skeletal structure 2, powered by death 2
a: Renounce Religion, Evoke Invisibility, Depart the Abyss, Bend Space, Banish,
Corrupt


You were on level 8 of the Dungeon.
You worshipped Lugonu.
Lugonu was greatly pleased with you.
You visited 1 branch of the dungeon, and saw 8 of its levels.
You visited the Abyss 1 time.
You also visited: Ossuary.

You collected 335 gold pieces.
You spent 168 gold pieces at shops.

Inventory:

Hand Weapons
 a - a +1 falchion (weapon)
 b - a +2 hunting sling of freezing
 j - a +2 dagger of distortion
 s - the +11 dagger of Vosicra {protect, rElec}
   (You took it off a kobold on level 4 of the Dungeon)

   It grants its wielder temporary protection when it strikes (+7 to AC).
   rElec:     It insulates you from electricity.
 t - a +3 arbalest of freezing
 z - a +1 antimagic short sword
 A - a +0 dagger
 I - a +0 falchion
 J - a +0 long sword
 L - a +3 scimitar
 P - a +4 rapier of venom
Missiles
 n - 247 stones
 V - 4 throwing nets
Armour
 c - a +1 cloak
 f - a +0 ring mail
 r - a +0 chain mail
 w - a +0 hat of willpower (worn)
 x - a +3 plate armour
 E - a +2 buckler
 K - a +0 kite shield
 M - a +0 helmet
 Q - a +4 ring mail (worn)
 T - a scarf of invisibility (worn)
 W - a +1 scale mail of poison resistance
 Y - a +0 leather armour
Jewellery
 h - a +6 ring of strength (right hand)
 i - a +4 ring of evasion (left hand)
 k - an amulet of reflection (around neck)
 m - an amulet of guardian spirit
 X - a ring of willpower
Wands
 g - a wand of iceblast (13)
 N - a wand of flame (10)
 S - a wand of mindburst (21)
 U - a wand of charming (3)
Scrolls
 d - a scroll of summoning
 l - a scroll of enchant armour
 v - a scroll of identify
 B - a scroll of enchant weapon
 H - 2 scrolls of teleportation
Potions
 e - a potion of attraction
 o - a potion of might
 p - 3 potions of brilliance
 q - 3 potions of mutation
 u - 3 potions of degeneration
 G - a potion of curing
 O - a potion of lignification {unknown}
 R - a potion of flight {unknown}


   Skills:
 - Level 3.0 Fighting
 + Level 10.6(12.3) Short Blades
 - Level 10.2(12.1) Long Blades
 - Level 1.7 Armour
 - Level 0.8 Dodging
 - Level 0.8 Stealth
 - Level 2.4 Invocations


You had 9 spell levels left.
You didn't know any spells.
Your spell library was empty.

Dungeon Overview and Level Annotations

Branches:
Dungeon (8/15)             Temple (0/1) D:5         Ossuary (visited)
   Lair: D:8-11

Altars:
Dithmenos
Gozag
Hepliaklqana
Nemelex Xobeh
Wu Jian
Xom
Yredelemnul

Shops:
D:2 =*=*[   D:7 (   D:8 *

Annotations:
D:7 4 runed translucent doors


Innate Abilities, Weirdness & Mutations

You have hoof-like feet.
You have a moderately thin skeletal structure. (Dex +4, Stealth++)
You regenerate health from kills.


Message History

You hit the vampire but do no damage. You kick the vampire, but do no damage.
The vampire is severely damaged.
The vampire hits you. The vampire completely misses you.
You hit the vampire.
The vampire is almost destroyed.
You hit the vampire but do no damage. Your kick misses the vampire.
The vampire is almost destroyed.
The vampire gestures wildly while chanting.
The vampire flickers and vanishes!
Deactivating autopickup; reactivate with Ctrl-A.
No target in view!
You completely miss something. You kick something.
You block something's attack. Something bites you.
Something draws strength from your injuries!
You barely miss something. You barely miss something. You kick something.
Something draws life force from you!
You closely miss something. Your kick misses something.
You hear some strange, mumbled words.
Something tries to affect you, but you resist.
You closely miss something. Your kick misses something. You miss something.
Your kick misses something. Something barely misses you. x2
You closely miss something. You kick something.
Something hits you but does no damage. Something bites you.
Something draws strength from your injuries!
You hit something. Something hits you but does no damage. Something bites you.
Something draws strength from your injuries!
You closely miss something. You kick something. You barely miss something.
Your kick misses something. Something draws life force from you.
You hit something. Something draws life force from you!
* * * LOW HITPOINT WARNING * * *
You closely miss something. You kick something. You barely miss something.
Something hits you but does no damage. Something bites you!
* * * LOW HITPOINT WARNING * * *
Something draws strength from your injuries!
You hit something. You kick something. Something barely misses you.
Something bites you!
You die...

#.##..#
#.######.#####
########.#...#
#.#<.....#
#........#####
#.############
#.########
#.....))).....
#.#
##############
#.# *,,,,, #.#
######## *,****
#.# #......#
*,*
#.######.####@#
*,* #........#
#{#**********,*
##########
#..,,,,,,,,,,,*
####*********,*
***


There were no monsters in sight!

Vanquished Creatures
  Gastronok (D:8)
  Harold (D:7)
  Psyche (D:8)
  2 trolls (D:7)
  Prince Ribbit (D:8)
  A steam dragon (D:8)
  Duvessa (D:6)
  Menkaure (D:4)
  2 water moccasins
  2 black bears
  2 orc warriors
  2 sky beasts
  2 ice beasts
  2 necrophages
  2 centaurs (D:7)
  2 phantoms (D:4)
  A bullfrog (D:6)
  A gnoll sergeant (D:5)
  2 scorpions (D:5)
  A water moccasin zombie (D:6)
  Dowan (D:6)
  3 killer bees (D:8)
  3 wights (D:6)
  2 howler monkeys
  A centaur zombie (D:5)
  2 centaur skeletons
  A bullfrog skeleton (D:6)
  A hound (D:5)
  5 orc priests
  A gnoll shaman (D:5)
  2 iguanas (D:5)
  7 orc wizards
  A scorpion zombie (D:5)
  A killer bee zombie (D:7)
  2 hound zombies (Ossuary)
  3 mummies (Ossuary)
  8 adders
  8 gnolls
  A white imp (D:6)
  An ufetubus (D:4)
  6 adder zombies (Ossuary)
  2 worms
  A dart slug (D:1)
  27 orcs
  8 endoplasms
  3 giant cockroaches
  3 gnoll zombies (Ossuary)
  8 hobgoblins
  A quokka (D:3)
  8 ball pythons
  A bat (D:2)
  8 goblins
  2 goblin zombies (Ossuary)
  6 jackal zombies (Ossuary)
  7 kobolds
  3 kobold zombies (Ossuary)
  3 orc zombies (Ossuary)
  A quokka skeleton (D:4)
  7 quokka zombies (Ossuary)
  4 rats (D:1)
  2 rat zombies (Ossuary)
195 creatures vanquished.

Vanquished Creatures (collateral kills)
  3 orcs (D:8)
3 creatures vanquished.

Vanquished Creatures (others)
  A butterfly (D:8)
1 creature vanquished.

Grand Total: 199 creatures vanquished

Notes
Turn   | Place    | Note
-------+----------+-------------------------------------------
     0 | Abyss:1  | selver the Demonspawn Abyssal Knight began the quest for
                  | the Orb.
     0 | Abyss:1  | Reached XP level 1. HP: 18/18 MP: 2/2
    70 | Abyss:1  | Noticed a starcursed mass
    71 | D:1      | Escaped the Abyss
   436 | D:1      | Gained mutation: You have a somewhat thin skeletal
                  | structure. (Dex +2, Stealth+) [demonic ancestry]
   436 | D:1      | Reached XP level 2. HP: 24/24 MP: 3/3
   453 | D:1      | Reached * piety under Lugonu
   796 | D:2      | Found Yhiukk's Armour Emporium.
   951 | D:2      | Found Meuxkiyth's General Store.
   963 | D:2      | Found a faded altar of an unknown god.
  1032 | D:2      | Gained mutation: You have large cloven feet. [demonic
                  | ancestry]
  1032 | D:2      | Reached XP level 3. HP: 29/29 MP: 4/4
  1146 | D:2      | Found Ihaef's General Store.
  1190 | D:2      | Found Tazes's Jewellery Emporium.
  1255 | D:2      | Found Zuhall's Jewellery Boutique.
  1855 | D:2      | Reached XP level 4. HP: 19/35 MP: 5/5
  2588 | D:3      | Gained mutation: You have a moderately thin skeletal
                  | structure. (Dex +4, Stealth++) [demonic ancestry]
  2588 | D:3      | Reached XP level 5. HP: 36/41 MP: 6/6
  2972 | D:4      | Noticed Menkaure
  3015 | D:4      | Noticed a phantom
  3030 | D:4      | Killed a phantom
  3031 | D:4      | Reached skill level 5 in Long Blades
  3078 | D:4      | Found a sand-covered staircase.
  3087 | Ossuary  | Entered an ossuary
  3120 | Ossuary  | Reached ** piety under Lugonu
  3263 | Ossuary  | Reached XP level 6. HP: 47/47 MP: 7/7
  3511 | Ossuary  | Reached *** piety under Lugonu
  3624 | D:4      | Killed Menkaure
  3779 | D:4      | Identified the +11 dagger of Vosicra {protect, rElec}
  3849 | D:4      | Gained mutation: You have hoof-like feet. [demonic
                  | ancestry]
  3849 | D:4      | Reached XP level 7. HP: 52/52 MP: 8/8
  4078 | D:5      | Entered Level 5 of the Dungeon
  4290 | D:5      | Gained mutation: You regenerate a little health from kills.
                  | [demonic ancestry]
  4290 | D:5      | Reached XP level 8. HP: 58/58 MP: 9/9
  4664 | D:5      | Found a staircase to the Ecumenical Temple.
  4874 | D:2      | Bought a potion of curing for 42 gold pieces
  4874 | D:2      | Bought a scroll of teleportation for 42 gold pieces
  4874 | D:2      | Bought a scroll of teleportation for 42 gold pieces
  4874 | D:2      | Bought a potion of curing for 42 gold pieces
  5093 | D:6      | Noticed Duvessa
  5093 | D:6      | Noticed Dowan
  5212 | D:6      | Reached skill level 10 in Long Blades
  5479 | D:6      | Reached **** piety under Lugonu
  5485 | D:6      | Reached skill level 1 in Short Blades
  5541 | D:6      | Found an opulent altar of Gozag.
  5607 | D:6      | Found a basalt altar of Yredelemnul.
  5619 | D:6      | Found a sparkling altar of Nemelex Xobeh.
  5820 | D:6      | Killed Duvessa
  5821 | D:6      | Gained mutation: You regenerate health from kills. [demonic
                  | ancestry]
  5821 | D:6      | Reached XP level 9. HP: 63/63 MP: 10/10
  5821 | D:6      | Killed Dowan
  5892 | D:6      | Found an ornate altar of the Wu Jian Council.
  5893 | D:6      | Found a shadowy altar of Dithmenos.
  5894 | D:6      | Found a shimmering altar of Xom.
  5994 | D:6      | Reached skill level 5 in Short Blades
  6014 | D:6      | Found a hazy altar of Hepliaklqana.
  6283 | D:7      | Found Ovitajum's Weapon Shop.
  6434 | D:7      | Found a huge runed translucent gate.
  6434 | D:7      | Found a huge runed translucent gate.
  6435 | D:7      | Found a huge runed translucent gate.
  6435 | D:7      | Noticed a polar bear
  6435 | D:7      | Noticed a polar bear
  6435 | D:7      | Noticed a polar bear
  6436 | D:7      | Found a huge runed translucent gate.
  6437 | D:7      | Noticed a polar bear
  6454 | D:7      | Noticed Harold
  6468 | D:7      | Killed Harold
  6510 | D:7      | Noticed a troll
  6517 | D:7      | Killed a troll
  6524 | D:7      | Noticed a troll
  6539 | D:7      | Killed a troll
  6593 | D:7      | Reached XP level 10. HP: 70/70 MP: 11/11
  6771 | D:8      | Noticed Prince Ribbit
  6784 | D:8      | Killed Prince Ribbit
  6925 | D:8      | Noticed Gastronok
  6957 | D:8      | Killed Gastronok
  6958 | D:8      | Reached skill level 10 in Short Blades
  7073 | D:8      | Found Vium's Assorted Antiques.
  7383 | D:8      | Noticed Psyche
  7394 | D:8      | Killed Psyche
  8143 | D:8      | HP: 3/70 [something (9)]
  8144 | D:8      | Mangled by a vampire

Illustrated notes

Levels and vault maps discovered:
D:1:      dpeg_arrival_pits, layout_basic, minmay_misc_feat_diagonals,
          minmay_tetromino_s2
D:2:      layout_basic, serial_shops, nicolae_diamond_shop, shop,
          nicolae_diamond_shop, nicolae_shop_behind_doors, shop_fountains,
          nicolae_ecumenical_lake_church
D:3:      layout_rooms, chequers_avenue
D:4:      layout_basic, enter_ossuary_5, hangedman_decor_points,
          serial_park_tiny_1, uniq_menkaure
D:5:      layout_basic, minmay_temple_entry_junction, hangedman_decor_opposing
D:6:      layout_basic, kennysheep_little_box,
          chequers_temple_overflow_statue_of_worship, mainiacjoe_overflow_swirl,
          marbit_many_paths, uniq_duvessa
D:7:      lemuel_bear_cage, layout_basic, serial_shops,
          nicolae_shop_behind_doors, uniq_harold
D:8:      layout_basic, nicolae_elyvilon_peaceful_grove, serial_shops,
          nicolae_take_the_stairs, serial_park_tiny_1, uniq_psyche,
          uniq_gastronok, uniq_prince_ribbit1

Skill      XL: |  1  2  3  4  5  6  7  8  9 10 |
---------------+-------------------------------+-----
Long Blades    | 2 3 4 5 7 8 10 | 10.2
Short Blades   | 3 8 10 | 10.6
Fighting       | |  3.0
Armour         | |  1.7
Dodging        | |  0.8
Stealth        | |  0.8
Invocations    | |  2.4

Action                   |  1- 3 |  4- 6 |  7- 9 | 10-12 || total
-------------------------+-------+-------+-------+-------++-------
Melee: Falchion          |    72 |   218 |       |   128 ||   418
       Kick              |     3 |    60 |    88 |    51 ||   202
       Punch             |       |     5 |     2 |     1 ||     8
       Dagger            |       |    11 |   251 |     3 ||   265
 Fire: Hunting sling     |       |       |       |    15 ||    15
Invok: Depart the Abyss  |     1 |       |       |       ||     1
  Use: Scroll            |       |     7 |     2 |     9 ||    18
       Potion            |       |     3 |     1 |     3 ||     7
 Stab: Sleeping          |     7 |     8 |     3 |     2 ||    20
       Distracted        |       |       |     1 |       ||     1
Armor: Ring mail         |    19 |    48 |    53 |    28 ||   148
       Leather armour    |     2 |       |       |       ||     2
Dodge: Dodged            |    36 |   127 |   125 |    52 ||   340
Block: Other             |     4 |    53 |    31 |    19 ||   107
       Reflection        |       |     2 |     1 |       ||     3
